 Dungeon Crawl Stone Soup version 0.30.0 (webtiles) character file.

Game seed: 9068477536004750361

67 Kepochkin the Vexing (level 4, -2/25 HPs)
             Began as a Kobold Hexslinger on May 14, 2023.
             Slain by a kobold
             ... wielding a +0 whip
              (5 damage)
             ... on level 3 of the Dungeon.
             The game lasted 00:24:59 (3249 turns).

Kepochkin the Vexing (Kobold Hexslinger)            Turns: 3249, Time: 00:24:59

Health: -2/25      AC:  3    Str:  7    XL:     4   Next: 40%
Magic:  5/5        EV: 15    Int: 14    God:
Gold:   156        SH:  0    Dex: 17    Spells: 4/5 levels left

rFire   . . .        g - +0 dagger
rCold   . . .        (no shield)
rNeg    . . .        c - +0 robe
rPois   .            (no helmet)
rElec   .            (no cloak)
rCorr   .            m - +0 pair of gloves
SInv    +            (no boots)
Will    .....        (no amulet)
Stlth   +++          k - ring of see invisible
HPRegen 0.24/turn    (no ring)
MPRegen 0.09/turn

%: no passive effects
@: no status effects
A: small, no large weapons, nightstalker 3
a: no special abilities


You were on level 3 of the Dungeon.
You visited 1 branch of the dungeon, and saw 3 of its levels.

You collected 156 gold pieces.

Inventory:

Hand Weapons
 a - a +1 sling
 b - a +0 heavy falchion
 f - a +0 short sword
 g - a +0 dagger (weapon)
Missiles
 h - 3 boomerangs
 r - 3 poisoned darts
Armour
 c - a +0 robe (worn)
 i - a +0 robe
 j - a +0 leather armour
 m - a +0 pair of gloves (worn)
 t - a +0 leather armour
Jewellery
 k - a ring of see invisible (left hand)
 u - a ring of magical power
Wands
 l - a wand of mindburst (13)
 v - a wand of light (2)
Potions
 d - a potion of curing
 e - a potion of magic
 n - a potion of heal wounds {unknown}
 o - a potion of lignification {unknown}
 q - a potion of might {unknown}
 s - a potion of brilliance {unknown}


   Skills:
 * Level 1.5 Fighting
 * Level 1.9 Short Blades
 - Level 3.1 Ranged Weapons
 * Level 3.1 Dodging
 * Level 2.9 Stealth
 + Level 1.1 Spellcasting
 - Level 3.2 Hexes


You had 4 spell levels left.
You knew the following spells:

 Your Spells              Type           Power      Damage    Failure   Level
a - Slow                  Hex            36%        N/A       7%          1

Your spell library contained the following spells:

 Spells                   Type           Power      Damage    Failure   Level
 Beastly Appendage        Tmut           0%         N/A       26%         1
 Wereblood                Tmut           0%         N/A       36%         2
 Inner Flame              Hex/Fire       5%         N/A       38%         3
 Portal Projectile        Hex/Tloc       10%        N/A       38%         3
 Cause Fear               Hex            4%         N/A       56%         4
 Spider Form              Tmut/Pois      0%         N/A       61%         3


Dungeon Overview and Level Annotations

Branches:
Dungeon (3/15)

Altars:


Innate Abilities, Weirdness & Mutations

You are small and have problems with some larger weapons.
You are completely attuned to the shadows.


Message History

You feel sick. The giant cockroach bites you.
* * * LOW HITPOINT WARNING * * *
You hit the giant cockroach but do no damage.
The giant cockroach is moderately wounded.
* * * LOW HITPOINT WARNING * * *
You feel sick. The giant cockroach barely misses you. The kobold misses you.
As you read the scroll of identify, it crumbles to dust.
e - a potion of magic
* * * LOW HITPOINT WARNING * * *
You feel sick. The giant cockroach closely misses you.
The kobold completely misses you. The giant cockroach closely misses you.
You feel better. The kobold barely misses you.
The giant cockroach closely misses you.
You hit the giant cockroach but do no damage.
The giant cockroach is moderately wounded.
The kobold misses you. The giant cockroach closely misses you.
You hit the giant cockroach.
The giant cockroach is almost dead.
The kobold misses you. The giant cockroach closely misses you.
You hit the giant cockroach but do no damage.
The giant cockroach is almost dead.
The giant cockroach bites you.
* * * LOW HITPOINT WARNING * * *
The kobold hits you with a +0 whip.
* * * LOW HITPOINT WARNING * * *
You hit the giant cockroach but do no damage.
The giant cockroach is almost dead.
The giant cockroach closely misses you. The kobold hits you but does no damage.
You barely miss the giant cockroach.
The giant cockroach is almost dead.
The giant cockroach barely misses you. The kobold misses you.
You hit the giant cockroach but do no damage.
The giant cockroach is almost dead.
The giant cockroach bites you.
* * * LOW HITPOINT WARNING * * *
The kobold misses you.
You hit the giant cockroach.
You kill the giant cockroach!
The kobold hits you with a +0 whip.
You die...

........)#≈≈# ...........
......####≈≈# ...........
.....##### ≈ ...........
..........≈## ..........
....#†####~~~≈≈. .........
#.#.#.).#..#.#..>.........
....###.#.##......
........>.......
.###...@#..#.#..
..)†...K........
.#.....#..#..#..
...#..###...###.
..##...#.....#..
............# #..........
..###....


You could see a kobold.

Vanquished Creatures
  A worm (D:2)
  5 orcs
  11 ball pythons
  An endoplasm (D:1)
  6 giant cockroaches
  3 goblins (D:1)
  5 hobgoblins
  2 jackals (D:1)
  5 kobolds
  A quokka (D:1)
  5 bats
  4 frilled lizards
  8 rats
57 creatures vanquished.

Notes
Turn   | Place    | Note
-------+----------+-------------------------------------------
     0 | D:1      | Kepochkin the Kobold Hexslinger began the quest for the
                  | Orb.
     0 | D:1      | Reached XP level 1. HP: 12/12 MP: 2/2
   128 | D:1      | Reached XP level 2. HP: 16/16 MP: 3/3
   654 | D:1      | Reached skill level 1 in Stealth
  1279 | D:1      | Reached XP level 3. HP: 20/20 MP: 4/4
  1484 | D:1      | Reached skill level 1 in Short Blades
  1543 | D:1      | Found a faded altar of an unknown god.
  2724 | D:2      | Reached XP level 4. HP: 25/25 MP: 5/5
  3241 | D:3      | HP: 1/25 [poisoned by a kobold]
  3249 | D:3      | Slain by a kobold

Illustrated notes

Levels and vault maps discovered:
D:1:      dpeg_arrival_rooms_with_view, layout_basic,
          ebering_ecumenical_altar_rust
D:2:      layout_basic, minmay_misc_feat_columns
D:3:      layout_rooms, nicolae_hepliaklqana_hippocampus,
          lemuel_coloured_pillars_altar, minmay_strange_pillars,
          minmay_crystal_water, chequers_serial_rivers_large_b,
          kennysheep_generic_room_8

Skill      XL: |  1  2  3 |
---------------+----------+-----
Ranged Weapons | 3 |  3.1
Stealth        | 1 2 |  2.9
Short Blades   | 1 |  1.9
Dodging        | 3 |  3.1
Fighting       | |  1.5
Spellcasting   | |  1.1
Hexes          | |  3.2

Action                     |  1- 3 |  4- 6 || total
---------------------------+-------+-------++-------
  Melee: Dagger            |   194 |    60 ||   254
         Punch             |     1 |       ||     1
   Fire: Sling             |    15 |       ||    15
   Cast: Slow              |     1 |       ||     1
    Use: Scroll            |     3 |     3 ||     6
         Potion            |       |     1 ||     1
   Stab: Sleeping          |    11 |     7 ||    18
 Armour: Robe              |    44 |     7 ||    51
  Dodge: Dodged            |   169 |    57 ||   226
